 Dungeon Crawl Stone Soup version 0.28-a0-1227-ga9037bb4c8 (webtiles) character file.

Game seed: 5651555289142857948

48 sanka the Caller (level 3, -1/25 HPs)
             Began as a Gnoll Summoner on Dec 22, 2021.
             Slain by a worm (6 damage)
             ... on level 2 of the Dungeon.
             The game lasted 00:02:41 (1679 turns).

sanka the Caller (Gnoll Summoner)                   Turns: 1679, Time: 00:02:42

Health: -1/25      AC:  3    Str:  7    XL:     3   Next: 72%
Magic:  7/9        EV: 13    Int: 16    God:
Gold:   62         SH:  0    Dex: 12    Spells: 6/12 levels left

rFire   . . .      SeeInvis .   k - +0 short sword
rCold   . . .      Faith    .   (no shield)
rNeg    . . .      Spirit   .   a - +0 robe
rPois   .          Reflect  .   (no helmet)
rElec   .          Harm     .   (no cloak)
rCorr   .          Rampage  .   b - +0 pair of gloves
Will    .....                   (no boots)
Stlth   ++........              (no amulet)
HPRegen 0.08/turn               (no ring)
MPRegen 0.11/turn               (no ring)

@: no status effects
A: fangs 1, strong nose, distributed training
a: no special abilities


You were on level 2 of the Dungeon.
You visited 1 branch of the dungeon, and saw 2 of its levels.

You collected 62 gold pieces.


Innate Abilities, Weirdness & Mutations

You have very sharp teeth.
Your uncanny sense of smell can sniff out nearby items.
Your experience applies equally to all skills.


   Skills:
 + Level 0.9 Fighting
 + Level 0.9 Short Blades
 + Level 0.9 Long Blades
 + Level 0.9 Axes
 + Level 0.9 Maces & Flails
 + Level 0.9 Polearms
 + Level 0.9 Staves
 + Level 0.9 Slings
 + Level 0.9 Bows
 + Level 0.9 Crossbows
 + Level 0.9 Throwing
 + Level 0.9 Armour
 + Level 4.5 Dodging
 + Level 4.2 Stealth
 + Level 0.9 Shields
 + Level 0.9 Unarmed Combat
 + Level 5.0 Spellcasting
 + Level 0.6 Conjurations
 + Level 0.6 Hexes
 + Level 7.1 Summonings
 + Level 0.6 Necromancy
 + Level 0.6 Translocations
 + Level 0.6 Transmutations
 + Level 0.6 Fire Magic
 + Level 0.6 Ice Magic
 + Level 0.6 Air Magic
 + Level 0.6 Earth Magic
 + Level 0.6 Poison Magic
 + Level 1.0 Invocations
 + Level 0.9 Evocations


You had 6 spell levels left.
You knew the following spells:

 Your Spells              Type           Power      Damage    Failure   Level
c - Call Canine Familiar  Summ           26%        N/A       2%          3
x - Call Imp              Summ           26%        N/A       1%          2
z - Summon Small Mammal   Summ           100%       N/A       1%          1

Your spell library contained the following spells:

 Spells                   Type           Power      Damage    Failure   Level
 Summon Guardian Golem    Hex/Summ       16%        N/A       10%         3
 Slow                     Hex            24%        N/A       12%         1
 Summon Lightning Spire   Summ/Air       16%        N/A       30%         4
 Confusing Touch          Hex            6%         N/A       34%         3
 Yara's Violent Unravell  Hex/Tmut       3%         3d4       97%         5

Inventory:

Hand Weapons
 k - a +0 short sword (weapon)
Missiles
 d - 2 javelins
 h - 13 poisoned darts
Armour
 a - a +0 robe (worn)
 b - a +0 pair of gloves (worn)
Scrolls
 e - 3 scrolls of identify {unknown}
 f - a scroll of immolation {unknown}
 i - a scroll of silence {unknown}
 j - 2 scrolls of teleportation {unknown}
 l - a scroll of vulnerability {unknown}
Potions
 c - a potion of might {unknown}
 g - a potion of haste {unknown}
 m - a potion of curing {unknown}

Dungeon Overview and Level Annotations

Branches:
Dungeon (2/15)

Altars:
Nemelex Xobeh

▒.▒ ....▒▒▒ ∆ ▒..... ▒...▒
▒▒ ▒▒▒▒▒▒▒▒▒...▒▒▒▒ . ▒▒▒▒.
...▒▒.........▒▒▒▒▒ ..▒..▒.
▒.▒▒.............▒
.......▒▒▒▒......▒......▒▒.▒
.......▒...gw.▒.........▒▒.▒
...........5..▒.▒...▒.......
.........._..▒▒.▒...▒...▒...
....▒▒.............▒▒.▒▒▒...
..▒ ▒▒▒.....▒▒.▒▒.▒▒.▒ ▒...
. ▒.▒▒▒.▒▒.▒▒.▒▒.▒ ▒...
▒▒▒▒▒▒.▒▒▒..........▒ ▒...
▒..........▒▒▒▒▒.▒▒▒▒ ▒...
▒.▒▒▒▒▒.▒..▒▒▒▒▒.▒▒▒▒▒▒...


You could see a worm (ally target) and a friendly white imp (summoned).


Message History

An endoplasm comes into view.
The endoplasm quivers.
The endoplasm misses you.
You hit the endoplasm.
The endoplasm is heavily wounded.
The endoplasm hits you.
You barely miss the endoplasm.
The endoplasm is heavily wounded.
The endoplasm misses you.
You hit the endoplasm.
You kill the endoplasm!
No target in view!
A worm comes into view.
A worm is nearby!
A beastly little devil appears in a puff of frigid air.
The worm bites you!
You barely miss the worm.
Your white imp hits the worm.
Your white imp freezes the worm.
You hit the worm. You bite the worm, but do no damage.
The worm is moderately wounded.
The worm bites you!
* * * LOW HITPOINT WARNING * * *
Your white imp barely misses the worm.
You hit the worm.
The worm is heavily wounded.
Your white imp barely misses the worm.
The worm bites you.
You die...

Action                   || total
-------------------------++-------
Melee: Unarmed           ||    56
       Bite              ||     3
       Short sword       ||    11
 Cast: Summon Small Mamm ||    12
       Call Imp          ||     7
 Stab: Sleeping          ||     3
Armor: Robe              ||    22
Dodge: Dodged            ||    51

Levels and vault maps discovered:
D:1:      dpeg_arrival_rooms_c, layout_loops_ring, st_stairs_2,
          ebering_dispersal_statue_hall
D:2:      layout_loops_cross, serial_shops, nicolae_shop_waterfront,
          basic_altar, chequers_ecumenical_altar_lobes, minmay_mini_jars

Notes
Turn   | Place    | Note
-------+----------+-------------------------------------------
     0 | D:1      | sanka the Gnoll Summoner began the quest for the Orb.
     0 | D:1      | Reached XP level 1. HP: 13/13 MP: 6/6
   510 | D:1      | Reached XP level 2. HP: 19/19 MP: 7/7
   513 | D:1      | Learned a level 2 spell: Call Imp
  1298 | D:2      | Reached skill level 5 in Spellcasting
  1298 | D:2      | Reached XP level 3. HP: 25/25 MP: 5/9
  1502 | D:2      | Learned a level 3 spell: Call Canine Familiar
  1560 | D:2      | Found a sparkling altar of Nemelex Xobeh.
  1582 | D:2      | Reached skill level 1 in Invocations
  1679 | D:2      | Slain by a worm

Vanquished Creatures
  An adder (D:2)
  2 endoplasms (D:2)
  A giant cockroach (D:1)
  2 goblins (D:1)
  A ball python (D:1)
  A frilled lizard (D:1)
8 creatures vanquished.

Vanquished Creatures (collateral kills)
  An adder (D:2)
  2 ball pythons (D:1)
  2 endoplasms
  3 giant cockroaches (D:1)
  2 hobgoblins
  A quokka (D:1)
  4 bats
  A frilled lizard (D:1)
  3 kobolds (D:2)
19 creatures vanquished.

Grand Total: 27 creatures vanquished
